 Dungeon Crawl Stone Soup version 0.18-a0-1293-g5a2c81a (webtiles) character file.

2597 dvd the Blocker (level 9, -1/79 HPs)
             Began as a Minotaur Fighter on Feb 11, 2016.
             Was a Believer of Makhleb.
             Killed from afar by a raiju (17 damage)
             ... with a living lightning
             ... on level 1 of the Abyss.
             The game lasted 00:12:59 (4577 turns).

dvd the Blocker (Minotaur Fighter)                  Turns: 4577, Time: 00:13:00

Health: -1/79      AC: 16    Str: 24      XL:     9   Next: 33%
Magic:  8/8        EV:  8    Int:  4 (5)  God:    Makhleb [**....]
Gold:   208        SH: 11    Dex:  8 (10) Spells: 0 memorised, 8 levels left

rFire  . . .     SeeInvis .     a - +0 war axe
rCold  . . .     Gourm    .     M - +3 chain mail
rNeg   + . .     Faith    .     c - +0 shield
rPois  .         Spirit   .     (helmet restricted)
rElec  .         Dismiss  .     u - +0 cloak
rCorr  .         Reflect  .     s - +0 pair of gloves (curse)
SustAt .         Harm     .     (no boots)
MR     +....                    (no amulet)
Stlth  ..........               n - ring of positive energy
                                g - ring of protection from magic

@: about to teleport, somewhat resistant to hostile enchantments, extremely
unstealthy
A: retaliatory headbutt, horns 2
a: Minor Destruction, Renounce Religion


You were on level 1 of the Abyss.
You worshipped Makhleb.
Makhleb was pleased with you.
You were not hungry.

You visited 2 branches of the dungeon, and saw 8 of its levels.
You visited the Abyss 1 time.

You collected 208 gold pieces.

Inventory:

Hand Weapons
 a - a +0 war axe (weapon)
 y - a +0 morningstar
 B - a +2 mace of protection
Armour
 c - a +0 shield (worn)
 s - a cursed +0 pair of gloves (worn)
 u - a +0 cloak (worn)
 M - a +3 chain mail (worn)
Magical Staves
 L - an uncursed staff of conjuration
Jewellery
 g - a ring of protection from magic (left hand)
 h - a +4 ring of intelligence
 n - a ring of positive energy (right hand)
 I - a +4 ring of intelligence
Wands
 E - a wand of polymorph (16/24)
 G - a wand of lightning (6/15)
 H - a wand of slowing (28/48)
Scrolls
 e - 5 scrolls of identify
 i - a scroll of blinking
 p - 3 scrolls of recharging
 w - 2 scrolls of teleportation
 D - 5 scrolls of magic mapping {unknown}
 F - a scroll of random uselessness {unknown}
 J - a scroll of noise {unknown}
Potions
 d - a potion of might
 j - 7 potions of curing {unknown}
 k - a potion of lignification {unknown}
 m - 2 potions of beneficial mutation {unknown}
 q - 2 potions of degeneration {unknown}
 r - 4 potions of brilliance {unknown}
 t - 2 potions of magic {unknown}
 x - 2 potions of agility {unknown}
 z - 2 potions of ambrosia
 C - a potion of haste {unknown}
Comestibles
 f - 4 bread rations
 l - 3 meat rations
 o - 3 beef jerkies
 v - 3 fruits


   Skills:
 + Level 7.4 Fighting
 + Level 6.6 Axes
 + Level 7.9 Armour
 + Level 5.1 Dodging
 + Level 1.1 Stealth
 + Level 8.8 Shields


You had 8 spell levels left.
You didn't know any spells.

Dungeon Overview and Level Annotations

Branches:
Dungeon (7/15)             Temple (1/1) D:6

Altars:
Ashenzari
Dithmenos
Elyvilon
Fedhas
Gozag
Kikubaaqudgha
Makhleb
Nemelex Xobeh
Okawaru
Pakellas
Qazlal
Ru
Sif Muna
Vehumet
Xom
Yredelemnul
Zin
The Shining One

Shops:
D:5 [   D:7 (


Innate Abilities, Weirdness & Mutations

You reflexively headbutt those who attack you in melee.
You have a pair of horns on your head.


Message History

The thrashing horror roars!
Read which item? (? for menu, Esc to quit)
As you read the scroll of teleportation, it crumbles to dust.
You feel strangely unstable.
You feel the power of the Abyss delaying your translocation!
The quasit closely misses you. You furiously retaliate!
You headbutt the quasit!
You kill the quasit!
Makhleb accepts your kill.
You feel better.
A chaos spawn and a raiju come into view.
The chaos spawn roars!
The raiju barks!
The thrashing horror tramples you but does no damage.
You block the thrashing horror's attack.
The raiju bursts into living lightning!
The living lightning hits the raiju.
The raiju completely resists.
The living lightning hits you!
* * * LOW HITPOINT WARNING * * *
The living lightning hits you!
You die...

.# ###.#.####.
..###...###...###.
.
....#.5...#.....#..
...................
...................
...................
...#.....#.....#
...###..W###...##
....#.....#@h...#.
.........hFX..h....
......(.....h..3..
...............h..
...#.....#.....#..
..###X..###...## .
.. #..... ...W#
...... ......
...... ......


You could see a thrashing horror, a large abomination, 5 raiju, a blink frog, a
chaos spawn and a wraith.

Vanquished Creatures
  The ghost of slayr the Magician, a novice DEWz of Sif Muna (D:7)
  Sigmund (D:2)
  Menkaure (D:4)
  Edmund (D:5)
  An orc warrior (D:7)
  A wasp (D:7)
  A phantom (D:4)
  4 ogres
  The ghost of zkyp the Shooter, an amateur HuAM (D:3)
  A gnoll sergeant (D:7)
  3 giant frogs
  3 killer bees (D:7)
  2 crimson imps
  2 hounds
  A quasit (Abyss:1)
  2 centaur skeletons
  3 orc priests
  4 orc wizards
  An iguana (D:4)
  5 worker ants
  A hound skeleton (D:6)
  A worker ant zombie (D:2)
  11 gnolls
  6 adders
  A shadow imp (D:7)
  An ufetubus (Abyss:1)
  3 adder skeletons
  3 worms
  3 giant geckos
  21 orcs
  A ball python (D:4)
  7 bats
  7 giant cockroaches
  5 goblins
  6 hobgoblins
  3 jackals (D:4)
  3 kobolds
  2 quokkas
  A giant cockroach zombie (D:2)
  A giant gecko skeleton (D:6)
  3 giant newts
  A jackal zombie (D:2)
  A quokka zombie (D:6)
  6 rats
  A plant (D:3)
138 creatures vanquished.

Notes
Turn   | Place    | Note
--------------------------------------------------------------
     0 | D:1      | dvd the Minotaur Fighter began the quest for the Orb.
     0 | D:1      | Reached XP level 1. HP: 19/19 MP: 0/0
   205 | D:1      | You fall through a shaft!
   267 | D:2      | Reached XP level 2. HP: 17/27 MP: 1/1
   279 | D:2      | Noticed Sigmund
   288 | D:2      | Killed Sigmund
   288 | D:2      | Reached skill level 4 in Fighting
   288 | D:2      | Reached XP level 3. HP: 15/35 MP: 2/2
   288 | D:2      | Reached XP level 4. HP: 17/41 MP: 3/3
   288 | D:2      | Reached XP level 5. HP: 19/47 MP: 4/4
   525 | D:2      | Reached skill level 1 in Dodging
   695 | D:1      | Reached skill level 5 in Armour
   852 | D:1      | Reached skill level 5 in Fighting
  1191 | D:3      | Reached skill level 5 in Shields
  1258 | D:3      | Reached XP level 6. HP: 56/56 MP: 5/5
  1264 | D:3      | Found a blossoming altar of Fedhas.
  1266 | D:3      | Found a basalt altar of Yredelemnul.
  1270 | D:3      | Found an opulent altar of Gozag.
  1310 | D:3      | Noticed zkyp's ghost (amateur HuAM)
  1322 | D:3      | Killed zkyp's ghost
  1764 | D:3      | Found a faded altar to an unknown god.
  2003 | D:4      | Reached XP level 7. HP: 55/62 MP: 6/6
  2072 | D:4      | Reached skill level 6 in Shields
  2104 | D:4      | Noticed Menkaure
  2111 | D:4      | Killed Menkaure
  2135 | D:4      | Found a burning altar of Makhleb.
  2138 | D:4      | Became a worshipper of Makhleb the Destroyer
  2423 | D:4      | Found a sparkling altar of Nemelex Xobeh.
  2423 | D:4      | Found an ancient bone altar of Kikubaaqudgha.
  2429 | D:4      | Reached skill level 7 in Shields
  2576 | D:5      | Entered Level 5 of the Dungeon
  2678 | D:5      | Noticed Edmund
  2679 | D:5      | Reached XP level 8. HP: 70/70 MP: 7/7
  2692 | D:5      | Reached * piety under Makhleb
  2700 | D:5      | Killed Edmund
  2700 | D:5      | Reached skill level 5 in Axes
  2819 | D:5      | Found Pyitaf's Antique Armour Shop.
  3380 | D:6      | Found a staircase to the Ecumenical Temple.
  3386 | Temple   | Entered the Ecumenical Temple
  4002 | D:7      | Reached skill level 8 in Shields
  4138 | D:7      | Noticed slayr's ghost (novice DEWz)
  4152 | D:7      | Killed slayr's ghost
  4152 | D:7      | Reached skill level 5 in Dodging
  4152 | D:7      | Reached XP level 9. HP: 79/79 MP: 8/8
  4193 | D:7      | Reached ** piety under Makhleb
  4285 | D:7      | Reached skill level 1 in Stealth
  4452 | D:7      | Found Otwydd's Weapon Shoppe.
  4464 | D:7      | Cast into level 1 of the Abyss (gnoll)
  4575 | Abyss:1  | Noticed a thrashing horror
  4577 | Abyss:1  | Killed from afar by a raiju

Vault maps used:
D:1:      dpeg_arrival_oval, serial_glass, glass_columns_a, glass_columns_c
D:2:      serial_undead, serial_undead_c, serial_undead_a, serial_undead_e,
          serial_undead_d, uniq_sigmund
D:3:      grunt_temple_overflow_open, ecumenical_altar_2, serial_forest,
          infiniplex_forest_lined_2, infiniplex_forest_lined_3_way,
          infiniplex_forest_lined_2, infiniplex_forest_clump_small,
          infiniplex_forest_clump_large, infiniplex_forest_straight_3,
          infiniplex_forest_clump_long
D:4:      kennysheep_mini_moat, gammafunk_temple_overflow_wave,
          grunt_ministairs_7, uniq_menkaure
D:5:      serial_shops, nicolae_shop_competitors_out_of_business, first_bread,
          uniq_edmund
D:6:      minmay_temple_entry_fiery
D:7:      lemuel_doored_altar, serial_shops, shop
Temple:   circular_temple_12
Abyss:1:  hangedman_shadowy_showcase

Action                   |  1- 3 |  4- 6 |  7- 9 || total
-------------------------+-------+-------+-------++-------
Melee: War axe           |    26 |   144 |   169 ||   339
       Mace              |       |       |    82 ||    82
Invok: Minor Destruction |       |       |     3 ||     3
  Use: Scroll            |       |       |     6 ||     6
  Eat: Chunk             |       |     4 |     7 ||    11
       Beef jerky        |       |       |     1 ||     1
